[Event "42nd Olympiad Baku 2016 Women"]
[Site "Baku"]
[Date "2016.09.02"]
[Round "1.12"]
[White "Hamid, Rani"]
[Black "Zienab mustafa mansour"]
[Result "1-0"]
[ECO "C78"]
[WhiteElo "1993"]
[BlackElo "1195"]
[PlyCount "79"]
[EventDate "2016.??.??"]
[EventCountry "AZE"]
[WhiteTeam "Bangladesch"]
[BlackTeam "Sudan"]
[WhiteTeamCountry "BAN"]
[BlackTeamCountry "SUD"]
[TimeControl "40/5400+30:1800+30"]
[WhiteClock "1:14:51"]
[BlackClock "0:33:38"]

1. e4 {(00:00} e5 {(00:00} 2. Nf3 {(00:00} Nc6 {
(00:00} 3. Bb5 {(00:00} a6 {(00:01} 4. Ba4 {(00:
00} Nf6 {(00:17} 5. O-O {(00:13} Bc5 {(00:23} 6. d3 {
(00:19} O-O {(00:15} 7. c3 {(01:42} d6 {(01:27}
8. h3 {(00:31} Bd7 {(00:52} 9. Nbd2 {(02:40} Ne7 {
(01:40} 10. Bb3 {(00:57} Ng6 {(00:40} 11. Re1 {(
04:37} Nf4 {(02:12} 12. Nf1 {(00:11} Ng6 {(07:45} 13.
Ng3 {(07:34} Re8 {(03:32} 14. Ng5 {(05:08} Be6 {
(01:05} 15. Nxe6 {(04:17} fxe6 {(00:12} 16. Bg5 {
(01:50} h6 {(01:33} 17. Bd2 {(03:09} Nf4 {(05:
13} 18. d4 {(00:27} Bb6 {(00:20} 19. Qf3 {(02:06} Qd7
{(20:22} 20. Bxf4 {(03:00} exf4 {(00:43} 21. Qxf4 {
(00:08} Kh8 {(02:29} 22. e5 {(03:22} Nd5 {(02:
27} 23. Qg4 {(07:36} Qf7 {(01:43} 24. Bxd5 {(02:16}
exd5 {(00:55} 25. exd6 {(02:24} cxd6 {(01:37} 26. Qf5 {
(00:20} Qf6 {(02:49} 27. Qxf6 {(00:55} gxf6 {(
00:21} 28. Nf5 {(00:31} Bc7 {(07:09} 29. Nxh6 {(03:57}
Kg7 {(02:06} 30. Nf5+ {(00:20} Kf7 {(00:19} 31. Ne3 {
(01:10} Ke6 {(01:13} 32. Re2 {(00:43} Re7 {(00:
53} 33. Rae1 {(00:17} Rae8 {(00:15} 34. Nxd5+ {(00:38}
Kxd5 {(00:41} 35. Rxe7 {(00:06} Rxe7 {(00:27} 36. Rxe7
{(00:01} Kc6 {(00:29} 37. d5+ {(00:24} Kb6 {(00:
26} 38. h4 {(01:00} Bd8 {(00:36} 39. Rd7 {(00:13} Bc7
{(00:25} 40. h5 {(00:00} 1-0

[Event "42nd Olympiad Baku 2016 Women"]
[Site "Baku"]
[Date "2016.09.02"]
[Round "1.30"]
[White "Hamoonga, Linda Banti"]
[Black "Maisuradze, Nino"]
[Result "0-1"]
[ECO "D02"]
[WhiteElo "1783"]
[BlackElo "2256"]
[PlyCount "80"]
[EventDate "2016.??.??"]
[EventCountry "AZE"]
[WhiteTeam "Sambia"]
[BlackTeam "Frankreich"]
[WhiteTeamCountry "ZAM"]
[BlackTeamCountry "FRA"]
[TimeControl "40/5400+30:1800+30"]
[WhiteClock "0:31:01"]
[BlackClock "0:31:16"]

1. d4 {(00:00} d5 {(00:00} 2. Nf3 {(00:00} c6 {(
00:00} 3. e3 {(00:00} Bf5 {(00:00} 4. Bd3 {(00:30} Bg6
{(00:17} 5. O-O {(01:10} Nd7 {(00:38} 6. c4 {(
03:48} e6 {(00:44} 7. Nc3 {(02:23} Ngf6 {(00:27} 8.
cxd5 {(07:57} exd5 {(00:33} 9. Bxg6 {(03:05} hxg6 {
(00:02} 10. Qc2 {(01:48} Be7 {(02:49} 11. Bd2 {(
02:22} Qc7 {(02:34} 12. e4 {(04:20} dxe4 {(00:44} 13.
Nxe4 {(00:03} O-O {(08:36} 14. Nxf6+ {(05:48} Nxf6 {
(00:56} 15. Rad1 {(04:05} Rad8 {(15:20} 16. Rfe1 {
(03:22} Rd5 {(12:17} 17. h3 {(03:34} Rfd8 {(04:
37} 18. a3 {(07:31} Bd6 {(02:51} 19. Be3 {(09:26} Qd7
{(02:34} 20. Rd2 {(02:29} Bc7 {(05:22} 21. Red1 {
(06:30} Re8 {(14:50} 22. Qc4 {(09:02} Ne4 {(01:
37} 23. Rd3 {(02:11} Rd8 {(02:00} 24. Nd2 {(09:59} Nc5
{(05:59} 25. Rc3 {(02:14} Ne6 {(00:30} 26. Nf3 {
(02:01} c5 {(06:07} 27. b4 {(02:41} cxd4 {(05:
18} 28. Rcd3 {(03:35} Bb6 {(00:50} 29. Bc1 {(01:09}
Rc8 {(01:43} 30. Qb3 {(00:05} a5 {(01:09} 31. bxa5 {
(01:22} Nc5 {(01:06} 32. Qxb6 {(00:53} Nxd3 {(
00:03} 33. Bg5 {(00:30} Nc5 {(00:58} 34. Qb4 {(00:29}
d3 {(01:04} 35. Bd2 {(00:34} Re8 {(01:25} 36. Be3 {
(00:19} Ne4 {(01:00} 37. Nd4 {(00:00} d2 {(00:
00} 38. Nf3 {(00:00} Qb5 {(00:00} 39. Bxd2 {(00:00}
Qxb4 {(00:00} 40. axb4 {(00:00} Red8 {(00:00} 0-1

[Event "42nd Olympiad Baku 2016 Women"]
[Site "Baku"]
[Date "2016.09.02"]
[Round "1.1"]
[White "Hernandez, Bera"]
[Black "Arribas Robaina, Maritza"]
[Result "0-1"]
[ECO "C41"]
[WhiteElo "1808"]
[BlackElo "2315"]
[PlyCount "60"]
[EventDate "2016.??.??"]
[EventCountry "AZE"]
[WhiteTeam "El Salvador"]
[BlackTeam "Kuba"]
[WhiteTeamCountry "ESA"]
[BlackTeamCountry "CUB"]
[TimeControl "40/5400+30:1800+30"]
[WhiteClock "0:46:53"]
[BlackClock "0:23:33"]

1. e4 {(00:00} e5 {(00:00} 2. Nf3 {(00:00} d6 {(
00:00} 3. Bc4 {(00:00} Be7 {(00:10} 4. c3 {(00:34} Nf6
{(02:40} 5. Qe2 {(01:33} O-O {(00:27} 6. d3 {(
01:05} c6 {(01:32} 7. Bb3 {(00:33} a5 {(08:35} 8. a4 {
(02:01} Na6 {(01:21} 9. Bc2 {(00:14} Re8 {(01:
26} 10. Nbd2 {(00:50} Bf8 {(02:46} 11. h3 {(01:29} d5
{(01:47} 12. O-O {(01:36} Nc5 {(09:02} 13. Rd1 {
(08:34} Qc7 {(04:07} 14. Nf1 {(07:55} dxe4 {(05:
56} 15. dxe4 {(00:41} Be6 {(01:30} 16. Bg5 {(00:47}
Nfd7 {(03:54} 17. b4 {(00:57} Na6 {(10:26} 18. b5 {
(06:15} cxb5 {(02:56} 19. axb5 {(03:57} Bc4 {(
02:22} 20. Bd3 {(01:41} Bxd3 {(00:20} 21. Qxd3 {(00:42]
} Nac5 {(00:20} 22. Qd5 {(03:58} Nb6 {(00:33} 23. Qa2 {
(03:51} Nxe4 {(00:36} 24. Qc2 {(02:27} Nxg5 {(
08:08} 25. Nxg5 {(00:11} g6 {(00:04} 26. Ne4 {(00:30}
Bg7 {(00:51} 27. Ne3 {(00:54} Red8 {(03:10} 28. c4 {
(01:40} f5 {(03:41} 29. Ng5 {(00:38} Qe7 {(01:
53} 30. Nf3 {(02:34} e4 {(00:54} 0-1

[Event "42nd Olympiad Baku 2016 Women"]
[Site "Baku"]
[Date "2016.09.02"]
[Round "1.31"]
[White "Hng, Mei-En Emmanuelle"]
[Black "Persaud, Yolander"]
[Result "1-0"]
[ECO "B12"]
[WhiteElo "1883"]
[BlackElo "1151"]
[PlyCount "65"]
[EventDate "2016.??.??"]
[EventCountry "AZE"]
[WhiteTeam "Singapur"]
[BlackTeam "Guyana"]
[WhiteTeamCountry "SIN"]
[BlackTeamCountry "GUY"]
[TimeControl "40/5400+30:1800+30"]
[WhiteClock "0:04:47"]
[BlackClock "0:01:53"]

1. e4 {(00:00} c6 {(00:00} 2. d4 {(00:00} d5 {(
00:00} 3. e5 {(00:13} Bf5 {(01:36} 4. h4 {(02:10} e6 {
(02:53} 5. g4 {(03:04} Ne7 {(08:03} 6. gxf5 {(
11:29} Nxf5 {(01:22} 7. Nf3 {(01:42} h6 {(05:10} 8.
Bd3 {(02:56} Be7 {(16:15} 9. Bxf5 {(13:40} exf5 {
(00:22} 10. Qd3 {(02:32} Qd7 {(04:55} 11. Nc3 {(
05:57} Na6 {(03:00} 12. a3 {(03:50} Nc7 {(02:10} 13.
Be3 O-O-O {(03:07} 14. O-O-O {(09:38} Kb8 {(10:01} 15.
h5 {(02:37} Qe6 {(11:42} 16. Ne2 {(04:55} g5 {(
02:56} 17. hxg6 {(01:01} Qxg6 {(03:46} 18. Nf4 {(04:43]
} Qg7 {(01:34} 19. Qxf5 {(02:39} Rdg8 {(07:51} 20. e6 {
(09:53} Qf6 {(02:18} 21. Qxf6 {(00:53} Bxf6 {(
00:13} 22. exf7 {(00:28} Rg7 {(01:44} 23. Rxh6 {(07:04]
} Rxf7 {(00:39} 24. Rxh8+ {(00:14} Bxh8 {(00:28} 25.
Rg1 {(00:46} Rf8 {(02:15} 26. Nd3 {(03:33} Ne6 {
(01:22} 27. Nfe5 {(00:45} Bxe5 {(01:11} 28. Nxe5 {
(00:15} Kc7 {(00:43} 29. Rh1 {(01:17} Rg8 {(01:
37} 30. Rh7+ {(00:28} Kc8 {(01:58} 31. Nf7 {(01:50}
Kc7 {(01:11} 32. Ng5+ {(00:41} Ng7 {(01:45} 33. Rxg7+
1-0

[Event "42nd Olympiad Baku 2016 Women"]
[Site "Baku"]
[Date "2016.09.02"]
[Round "1.3"]
[White "Hotami, Mutriba"]
[Black "Zatonskih, Anna"]
[Result "0-1"]
[ECO "C07"]
[WhiteElo "1735"]
[BlackElo "2449"]
[PlyCount "90"]
[EventDate "2016.??.??"]
[EventCountry "AZE"]
[WhiteTeam "Tadschikistan"]
[BlackTeam "Vereinigte Staaten"]
[WhiteTeamCountry "TJK"]
[BlackTeamCountry "USA"]
[TimeControl "40/5400+30:1800+30"]
[WhiteClock "0:12:33"]
[BlackClock "0:12:28"]

1. e4 {(00:00} e6 {(00:00} 2. d4 {(00:00} d5 {(
00:00} 3. Nd2 {(00:12} c5 {(01:04} 4. Ngf3 {(01:56}
Nc6 {(02:48} 5. Bb5 {(04:03} a6 {(15:13} 6. exd5 {
(04:33} Qxd5 {(08:21} 7. Bc4 {(06:21} Qd8 {(06:
21} 8. dxc5 {(06:05} Bxc5 {(00:20} 9. O-O {(03:56} Nf6
{(00:18} 10. Nb3 {(07:58} Bd6 {(08:19} 11. Nbd4 {
(14:03} Qc7 {(04:05} 12. Nxc6 {(10:43} Qxc6 {(
00:12} 13. Qe2 {(02:15} b5 {(06:32} 14. Bd3 {(01:44}
Bb7 {(00:08} 15. Re1 {(04:38} h6 {(05:19} 16. Bd2 {
(10:02} Qd5 {(16:54} 17. h3 {(02:52} O-O {(03:
29} 18. c4 {(01:41} bxc4 {(03:05} 19. Bxc4 {(00:08}
Qh5 {(01:13} 20. Ne5 {(04:40} Qxe2 {(00:53} 21. Rxe2 {
(00:09} Ne4 {(03:13} 22. Nd3 {(04:19} Nxd2 {(02:
27} 23. Rxd2 {(00:08} Rac8 {(00:11} 24. b3 {(01:06} g5
{(01:37} 25. Rad1 {(01:50} a5 {(01:16} 26. a4 {(
00:42} Rc7 {(02:49} 27. Ne1 {(04:23} Bb4 {(00:36} 28.
Re2 {(00:27} Bc6 {(04:00} 29. Rc2 {(02:08} Be4 {
(01:48} 30. Re2 {(00:52} Bc6 {(00:06} 31. Rc2 {(
00:31} Be4 {(01:05} 32. Re2 {(00:31} Bg6 {(00:20} 33.
Nf3 {(00:39} Kg7 {(00:45} 34. Ne5 {(00:26} Bh7 {
(00:34} 35. Kf1 {(00:29} Re8 {(01:26} 36. Ng4 {(
00:37} Ree7 {(00:21} 37. Ne5 {(00:33} h5 {(00:13} 38.
g4 {(00:35} hxg4 {(00:09} 39. hxg4 {(00:06} Kf6 {
(00:38} 40. Nd3 {(00:00} Red7 {(00:00} 41. Re3 {
(02:31} Rd4 {(08:15} 42. Rf3+ {(12:58} Kg7 {(01:
02} 43. Rg3 {(02:42} Bd6 {(11:21} 44. Rg1 {(01:47}
Rcxc4 {(00:49} 45. bxc4 {(01:38} Bxd3+ {(00:27} 0-1

[Event "42nd Olympiad Baku 2016 Women"]
[Site "Baku"]
[Date "2016.09.02"]
[Round "1.11"]
[White "Ibtihal Mohammed"]
[Black "Khan, Nazrana"]
[Result "0-1"]
[ECO "D02"]
[WhiteElo "1479"]
[BlackElo "1965"]
[PlyCount "72"]
[EventDate "2016.??.??"]
[EventCountry "AZE"]
[WhiteTeam "Sudan"]
[BlackTeam "Bangladesch"]
[WhiteTeamCountry "SUD"]
[BlackTeamCountry "BAN"]
[TimeControl "40/5400+30:1800+30"]
[WhiteClock "0:19:14"]
[BlackClock "0:07:11"]

1. d4 {(00:00} d5 {(00:00} 2. Nf3 {(00:00} Nf6 {
(00:00} 3. h3 {(00:00} e6 {(00:30} 4. Bf4 {(00:
08} c5 {(00:44} 5. c3 {(00:42} Nc6 {(01:13} 6. e3 {
(00:53} Be7 {(04:59} 7. Bd3 {(02:59} O-O {(00:
49} 8. O-O {(00:07} b6 {(02:37} 9. Nbd2 {(02:53} Bb7 {
(01:25} 10. Bc2 {(04:00} Rc8 {(10:49} 11. Qb1 {(
03:57} h6 {(16:55} 12. a3 {(05:11} Bd6 {(07:40} 13.
Ne5 {(07:35} Bxe5 {(01:19} 14. dxe5 {(01:05} Nd7 {
(00:41} 15. Nf3 {(00:15} Qc7 {(01:26} 16. Ba4 {(
05:00} Ndxe5 {(04:29} 17. Ne1 {(04:16} Qe7 {(03:04}
18. Bxc6 {(03:02} Nxc6 {(00:21} 19. Nd3 {(00:13} e5 {
(05:19} 20. Bg3 {(02:12} e4 {(10:55} 21. Nf4 {(
00:51} Ne5 {(01:24} 22. Rd1 {(01:52} Rfd8 {(01:06} 23.
b4 {(02:09} c4 {(01:07} 24. Qc2 {(02:59} Nd3 {(
01:06} 25. Ne2 {(02:57} f5 {(03:00} 26. Nd4 {(02:39}
Qd7 {(02:44} 27. Qe2 {(00:36} Rf8 {(01:01} 28. a4 {
(02:52} a6 {(00:43} 29. Qh5 {(00:15} Nb2 {(03:
01} 30. Rdc1 {(02:28} Nxa4 {(00:39} 31. Rxa4 {(04:39}
Qxa4 {(02:19} 32. Nxf5 {(00:48} Qd7 {(02:40} 33. Nxh6+
{(15:51} gxh6 {(01:26} 34. Qg6+ {(00:45} Qg7 {(
00:33} 35. Qe6+ {(00:08} Kh7 {(01:52} 36. Be5 {(02:29}
Qg6 {(00:53} 0-1

[Event "42nd Olympiad Baku 2016 Women"]
[Site "Baku"]
[Date "2016.09.02"]
[Round "1.9"]
[White "Ishizuka, Mirai"]
[Black "Mamedjarova, Turkan"]
[Result "0-1"]
[ECO "C47"]
[WhiteElo "1778"]
[BlackElo "2304"]
[PlyCount "106"]
[EventDate "2016.??.??"]
[EventCountry "AZE"]
[WhiteTeam "Japan"]
[BlackTeam "Aserbeidschan"]
[WhiteTeamCountry "JPN"]
[BlackTeamCountry "AZE"]
[TimeControl "40/5400+30:1800+30"]
[WhiteClock "0:06:02"]
[BlackClock "0:14:16"]

1. e4 {(00:00} e5 {(00:00} 2. Nf3 {(00:00} Nc6 {
(00:00} 3. Nc3 {(00:00} Nf6 {(00:00} 4. d4 {(00:
00} exd4 {(01:23} 5. Nxd4 {(00:03} Bb4 {(00:22} 6.
Nxc6 {(00:43} bxc6 {(01:04} 7. Bd3 {(00:38} d5 {
(01:32} 8. exd5 {(05:32} cxd5 {(04:07} 9. O-O {(
01:43} O-O {(01:48} 10. Bg5 {(02:06} c6 {(03:20} 11.
Qf3 {(00:35} Be7 {(10:28} 12. Rfe1 {(00:32} Be6 {
(06:37} 13. h3 {(06:33} h6 {(11:01} 14. Bh4 {(
05:10} Rb8 {(13:42} 15. Rab1 {(30:10} Rb4 {(08:05} 16.
Bg3 {(01:51} Bd6 {(00:38} 17. Ne2 {(07:24} Bxg3 {
(07:26} 18. Nxg3 {(00:54} Qa5 {(01:05} 19. b3 {(
05:45} Qc7 {(03:32} 20. c3 {(05:00} Rbb8 {(03:49} 21.
Rbd1 {(04:07} Rfe8 {(02:35} 22. Ne2 {(02:24} Re7 {
(03:15} 23. Nf4 {(02:04} Rbe8 {(00:23} 24. c4 {(
07:14} Qa5 {(04:52} 25. Nxe6 {(07:12} fxe6 {(02:28}
26. Re2 {(02:05} e5 {(00:39} 27. Bg6 {(00:16} Rf8 {
(02:26} 28. Qg3 {(00:38} e4 {(02:21} 29. Qd6 {(
00:45} Qc7 {(00:09} 30. Qc5 {(00:21} Qe5 {(02:09} 31.
Re3 {(02:59} Qe6 {(02:52} 32. Qd4 {(00:16} Nd7 {
(00:35} 33. Bh5 {(00:18} Qf5 {(00:14} 34. Bg4 {(
01:07} Qxf2+ {(00:09} 35. Kh1 {(00:14} Nf6 {(00:51}
36. Rd2 {(00:43} Qf1+ {(00:19} 37. Kh2 {(00:05} Nxg4+ {
(00:08} 38. hxg4 {(00:26} Qf4+ {(00:28} 39. Kg1 {
(00:33} Ref7 {(00:22} 40. cxd5 {(00:00} cxd5 {(
00:00} 41. Re1 {(06:15} Qg3 {(08:36} 42. Rde2 {(00:46}
Rd7 {(00:29} 43. b4 {(03:38} Qxg4 {(04:39} 44. Rc2 {
(03:07} Kh7 {(01:17} 45. b5 {(00:33} Qh4 {(00:
56} 46. Rce2 {(02:45} Rf5 {(00:57} 47. Rf1 {(09:25}
Rxf1+ {(03:46} 48. Kxf1 {(00:02} Qh1+ {(00:10} 49. Kf2
{(00:04} Rf7+ {(00:14} 50. Kg3 {(00:10} Rf5 {(
01:45} 51. Rc2 {(03:23} Rg5+ {(00:55} 52. Kf4 {(00:36}
Qh2+ {(01:05} 53. Ke3 {(01:18} Rg3+ {(00:11} 0-1

[Event "42nd Olympiad Baku 2016 Women"]
[Site "Baku"]
[Date "2016.09.02"]
[Round "1.8"]
[White "James, Shemilah"]
[Black "Drljevic, Ljilja"]
[Result "0-1"]
[ECO "B06"]
[WhiteElo "1495"]
[BlackElo "2207"]
[PlyCount "54"]
[EventDate "2016.??.??"]
[EventCountry "AZE"]
[WhiteTeam "TTO"]
[BlackTeam "Serbien"]
[BlackTeamCountry "SRB"]
[TimeControl "40/5400+30:1800+30"]
[WhiteClock "0:04:23"]
[BlackClock "0:53:29"]

1. e4 {(00:00} g6 {(00:00} 2. d4 {(00:07} Bg7 {(
00:00} 3. Nc3 {(00:38} d6 {(00:00} 4. Be3 {(00:27} a6
{(00:17} 5. Qd2 {(01:25} b5 {(00:14} 6. O-O-O {(
00:44} Bb7 {(04:17} 7. f3 {(02:00} Nd7 {(03:22} 8. Kb1
{(05:27} Ngf6 {(01:24} 9. Bd3 {(12:37} c5 {(02:
24} 10. Bf1 {(18:06} b4 {(07:42} 11. Nce2 {(03:14} a5
{(03:22} 12. Nc1 {(04:06} Qc7 {(03:57} 13. Bc4 {
(09:15} cxd4 {(02:27} 14. Qxd4 {(01:52} O-O {(
00:48} 15. Qd3 {(07:13} Ne5 {(00:15} 16. Bxf7+ {(09:37]
} Rxf7 {(00:12} 17. Qe2 {(02:31} Ba6 {(01:26} 18. Qe1 {
(03:35} Rc8 {(01:24} 19. Ka1 {(02:58} Qxc2 {(01:
14} 20. Nce2 {(02:12} Nd3 {(02:42} 21. Qd2 {(02:12}
Nxe4 {(06:26} 22. Qxc2 {(01:10} Rxc2 {(00:06} 23. fxe4
{(01:07} Nf2 {(05:14} 24. Bxf2 {(01:59} Rxf2 {(
00:05} 25. Re1 {(02:06} Rxb2 {(00:20} 26. Nc1 {(02:00}
Rxa2+ {(00:15} 27. Kb1 {(00:29} Ra1# {(00:08} 0-1

[Event "42nd Olympiad Baku 2016 Women"]
[Site "Baku"]
[Date "2016.09.02"]
[Round "1.33"]
[White "Jennitha, Anto K"]
[Black "Paehtz, Elisabeth"]
[Result "0-1"]
[ECO "A05"]
[WhiteElo "1953"]
[BlackElo "2474"]
[PlyCount "118"]
[EventDate "2016.??.??"]
[EventCountry "AZE"]
[WhiteTeam "Indien"]
[BlackTeam "Deutschland"]
[WhiteTeamCountry "IND"]
[BlackTeamCountry "GER"]
[TimeControl "40/5400+30:1800+30"]
[WhiteClock "0:02:12"]
[BlackClock "0:29:50"]

1. Nf3 {(00:00} Nf6 {(00:00} 2. g3 {(00:00} c5 {
(00:58} 3. Bg2 {(00:07} Nc6 {(00:20} 4. d3 {(00:
40} g6 {(00:47} 5. Nbd2 {(01:17} Bg7 {(00:14} 6. O-O {
(00:18} O-O {(00:23} 7. e4 {(01:01} d6 {(00:19}
8. Re1 {(01:55} e5 {(00:13} 9. Nf1 {(03:03} h6 {
(00:16} 10. Ne3 {(03:40} Be6 {(00:07} 11. c4 {(
03:37} Nd7 {(03:44} 12. Nd5 {(10:04} Rb8 {(00:49} 13.
Bd2 {(01:38} Kh7 {(01:29} 14. Rb1 {(06:32} b5 {(
10:04} 15. b3 {(07:10} a6 {(03:18} 16. h3 {(06:14} Nb6
{(04:25} 17. Bc3 {(05:09} Qd7 {(01:23} 18. Kh2 {
(00:52} b4 {(04:10} 19. Bb2 {(01:25} a5 {(00:53]
} 20. Ng1 {(06:09} f5 {(01:43} 21. f3 {(03:55} Qd8 {
(12:27} 22. Ne2 {(01:43} h5 {(01:59} 23. Rf1 {(
02:03} Bxd5 {(02:57} 24. exd5 {(08:43} Nd4 {(00:26}
25. Nxd4 {(08:52} cxd4 {(00:15} 26. Bc1 {(00:57} f4 {
(00:57} 27. g4 {(02:38} Nd7 {(01:20} 28. Qe2 {(
01:23} Nc5 {(01:01} 29. Bd2 {(00:24} Bf6 {(00:27} 30.
Rfd1 {(01:27} Bh4 {(01:18} 31. Be1 {(04:19} Qf6 {
(03:30} 32. Kg1 {(02:28} hxg4 {(02:18} 33. hxg4 {
(00:21} Bg3 {(04:52} 34. Bf1 {(01:22} Kg7 {(00:
33} 35. Qg2 {(01:49} Qh4 {(03:05} 36. Qh1 {(02:49} Qg5
{(00:37} 37. Qg2 {(00:57} Bxe1 {(00:32} 38. Rxe1 {
(00:04} Rh8 {(00:04} 39. Qe2 {(00:42} Rh4 {(01:
25} 40. Bg2 {(00:00} Rbh8 {(00:00} 41. Kf2 {(09:01}
Rh2 {(02:14} 42. Rg1 {(00:51} Qh4+ {(07:55} 43. Kf1 {
(00:07} Qg3 {(00:05} 44. Rd1 {(08:48} a4 {(06:
28} 45. bxa4 {(01:09} Nxa4 {(03:31} 46. Qf2 {(00:29}
Nc3 {(00:41} 47. Rd2 {(00:03} Ra8 {(01:20} 48. Qe1 {
(06:49} Qxe1+ {(05:44} 49. Kxe1 {(00:02} Rxa2 {(
00:28} 50. Rxa2 {(03:05} Nxa2 {(00:07} 51. Kf2 {(00:06]
} Rh8 {(07:01} 52. Rb1 {(00:35} Rb8 {(00:05} 53. Ke1 {
(00:07} b3 {(00:33} 54. Kd2 {(00:29} Nc3 {(00:
36} 55. Rb2 {(00:04} Kf6 {(03:21} 56. Bf1 {(00:43} Na4
{(00:38} 57. Rb1 {(00:16} Kg5 {(02:26} 58. Be2 {
(00:21} b2 {(00:44} 59. Bd1 {(06:26} Nc3 {(00:
05} 0-1

[Event "42nd Olympiad Baku 2016 Women"]
[Site "Baku"]
[Date "2016.09.02"]
[Round "1.1"]
[White "Joshi, Sindira"]
[Black "Zhou, Qiyu"]
[Result "0-1"]
[ECO "C54"]
[WhiteElo "1574"]
[BlackElo "2367"]
[PlyCount "76"]
[EventDate "2016.??.??"]
[EventCountry "AZE"]
[WhiteTeam "Nepal"]
[BlackTeam "Kanada"]
[WhiteTeamCountry "NEP"]
[BlackTeamCountry "CAN"]
[TimeControl "40/5400+30:1800+30"]
[WhiteClock "0:00:32"]
[BlackClock "0:22:44"]

1. e4 {(00:00} e5 {(00:00} 2. Nf3 {(00:00} Nc6 {
(00:00} 3. d4 {(00:00} exd4 {(00:00} 4. Bc4 {(
00:08} Bc5 {(00:22} 5. c3 {(00:25} Nf6 {(00:09} 6.
cxd4 {(01:00} Bb4+ {(03:37} 7. Bd2 {(01:16} Nxe4 {
(02:21} 8. Bxb4 {(04:37} Nxb4 {(00:06} 9. Bxf7+ {
(07:51} Kxf7 {(00:05} 10. Qb3+ {(00:05} d5 {(00:
10} 11. Qxb4 {(00:12} Rf8 {(04:55} 12. Nc3 {(03:56}
Nxc3 {(06:59} 13. bxc3 {(01:22} Kg8 {(02:05} 14. Ne5 {
(01:40} Qg5 {(07:33} 15. g3 {(09:57} Rxf2 {(21:
09} 16. Kxf2 {(01:29} Qd2+ {(00:04} 17. Kf3 {(05:22}
Bh3 {(01:38} 18. Rad1 {(10:50} Bg2+ {(01:58} 19. Kg4 {
(03:16} Qe2+ {(04:11} 20. Kh4 {(16:27} Bxh1 {(
02:47} 21. Rxh1 {(00:23} Qe4+ {(00:14} 22. Kh3 {(04:53]
} Qxh1 {(00:23} 23. Qe7 {(03:27} Qf1+ {(02:03} 24. Kh4
{(02:50} Qf6+ {(09:18} 25. Qxf6 {(01:12} gxf6 {(
00:03} 26. Nd7 {(01:13} Kf7 {(01:33} 27. Nc5 {(03:51}
b6 {(01:40} 28. Nd3 {(02:25} Re8 {(00:50} 29. Nf4 {
(02:47} c6 {(00:33} 30. Kg4 {(02:09} Re3 {(04:
01} 31. Kf5 {(02:25} Rxc3 {(00:19} 32. Nh5 {(00:29}
Rc2 {(00:14} 33. h4 {(00:53} Rxa2 {(00:08} 34. Kf4 {
(02:43} a5 {(02:30} 35. Ke3 {(03:02} b5 {(01:27]
} 36. Nf4 {(02:00} a4 {(00:36} 37. Nd3 {(01:04} a3 {
(00:09} 38. Nb4 {(00:49} Rb2 {(00:06} 0-1

[Event "42nd Olympiad Baku 2016 Women"]
[Site "Baku"]
[Date "2016.09.02"]
[Round "1.1"]
[White "Ju, Wenjun"]
[Black "Steil-Antoni, Fiona"]
[Result "1-0"]
[ECO "A40"]
[WhiteElo "2583"]
[BlackElo "2159"]
[PlyCount "75"]
[EventDate "2016.??.??"]
[EventCountry "AZE"]
[WhiteTeam "China"]
[BlackTeam "Luxemburg"]
[WhiteTeamCountry "CHN"]
[BlackTeamCountry "LUX"]
[TimeControl "40/5400+30:1800+30"]
[WhiteClock "0:08:50"]
[BlackClock "0:02:31"]

1. d4 {(00:00} e6 {(00:00} 2. c4 {(00:00} b6 {(
00:07} 3. e4 {(01:12} Bb7 {(00:15} 4. Bd3 {(00:05}
Bb4+ {(00:27} 5. Kf1 {(01:23} Be7 {(00:09} 6. Nc3 {
(01:59} d6 {(02:24} 7. Nf3 {(03:27} Nf6 {(01:23]
} 8. g3 {(01:46} O-O {(02:01} 9. Kg2 {(01:06} Nbd7 {
(07:22} 10. Re1 {(03:26} e5 {(08:22} 11. d5 {(
02:17} Ne8 {(03:01} 12. h4 {(09:06} g6 {(05:25} 13. h5
{(06:24} Ng7 {(07:41} 14. hxg6 {(02:23} fxg6 {(
06:25} 15. Bh6 {(04:30} Nc5 {(04:16} 16. Be2 {(00:52}
Bc8 {(06:15} 17. Rh1 {(01:57} Rf7 {(06:33} 18. Qd2 {
(02:17} Qf8 {(10:19} 19. b4 {(03:54} Nb7 {(02:
38} 20. Raf1 {(02:40} a5 {(02:24} 21. a3 {(02:56} Bg4
{(04:17} 22. Nh2 {(01:31} Bxe2 {(03:24} 23. Qxe2 {
(00:17} Qd8 {(03:06} 24. Ng4 {(15:11} Nh5 {(02:
09} 25. Be3 {(05:32} Bf8 {(01:37} 26. c5 {(17:36} axb4
{(02:19} 27. axb4 {(00:03} bxc5 {(00:37} 28. bxc5 {
(00:03} Qe8 {(04:47} 29. c6 {(00:22} Nd8 {(00:
47} 30. Qd2 {(02:33} Bg7 {(00:28} 31. Ra1 {(00:57}
Rxa1 {(00:32} 32. Rxa1 {(00:03} Nf6 {(00:30} 33. Nxf6+
{(00:18} Bxf6 {(00:12} 34. Ra7 {(00:35} Re7 {(
01:32} 35. Nb5 {(00:24} Nxc6 {(02:05} 36. dxc6 {(00:08]
} Qxc6 {(00:02} 37. Qd5+ {(00:55} Qxd5 {(00:08} 38.
exd5 {(00:02} 1-0

[Event "42nd Olympiad Baku 2016 Women"]
[Site "Baku"]
[Date "2016.09.02"]
[Round "1.32"]
[White "Jule, Alexandra"]
[Black "Wong, Linda Jane"]
[Result "1-0"]
[ECO "B98"]
[WhiteElo "2000"]
[BlackElo "1351"]
[PlyCount "57"]
[EventDate "2016.??.??"]
[EventCountry "AZE"]
[WhiteTeam "Australien"]
[BlackTeam "Taiwan"]
[WhiteTeamCountry "AUS"]
[BlackTeamCountry "TPE"]
[TimeControl "40/5400+30:1800+30"]
[WhiteClock "0:26:26"]
[BlackClock "0:14:04"]

1. e4 {(00:00} c5 {(00:00} 2. Nf3 {(00:00} d6 {(
00:00} 3. d4 {(00:00} cxd4 {(00:00} 4. Nxd4 {(00:00}
a6 {(00:16} 5. Nc3 {(00:28} Nf6 {(00:10} 6. Bg5 {
(03:46} e6 {(00:12} 7. f4 {(03:53} Be7 {(01:45}
8. Qf3 {(02:19} Nbd7 {(01:20} 9. Bc4 {(05:07} Nc5 {
(03:35} 10. O-O-O {(08:55} O-O {(01:28} 11. e5 {
(11:53} Nfd7 {(04:24} 12. Bxe7 {(03:23} Qxe7 {(
01:30} 13. exd6 {(00:05} Qf6 {(04:02} 14. Rhe1 {(07:21]
} Nb6 {(05:08} 15. Bf1 {(02:47} Rd8 {(03:51} 16. Nb3 {
(06:03} Nbd7 {(05:25} 17. Ne4 {(01:53} Nxe4 {(
02:15} 18. Qxe4 {(00:10} Rb8 {(00:37} 19. Bd3 {(06:25}
Nf8 {(01:35} 20. Qe3 {(04:47} b5 {(03:17} 21. g4 {
(01:43} Bb7 {(09:52} 22. g5 {(00:58} Qxb2+ {(30:
52} 23. Kxb2 {(00:19} Bd5 {(00:44} 24. Be4 {(02:37}
Rxd6 {(02:09} 25. Bxd5 {(00:08} exd5 {(00:15} 26. f5 {
(00:43} Rc8 {(01:32} 27. f6 {(01:06} Ne6 {(02:
09} 28. Nd4 {(00:46} Nc5 {(01:33} 29. Qe8+ {(00:29}
1-0